 Dungeon Crawl Stone Soup version 0.30.1-4-g462c640d31 (webtiles) character file.

Game seed: 11176435427192682995

214 Zeor the Ducker (level 6, -6/43 HPs)
             Began as a Djinni Gladiator on Aug 21, 2023.
             Mangled by Grinder (7 damage)
             ... on level 3 of the Dungeon.
             The game lasted 00:04:44 (1958 turns).

Zeor the Ducker (Djinni Gladiator)                  Turns: 1958, Time: 00:04:45

Health: -6/43      AC:  5    Str: 13    XL:     6   Next: 15%
Gold:   112        EV: 13    Int: 12    God:
                   SH:  0    Dex: 14

rFire   + + .        a - +0 long sword
rCold   x . .        (no shield)
rNeg    . . .        b - +0 leather armour
rPois   ∞            c - +0 helmet
rElec   .            j - +0 cloak
rCorr   .            (no gloves)
SInv    .            (boots unavailable)
Will    .....        (no amulet)
Stlth   +            (no ring)
HPRegen 0.27/turn    (no ring)
MPRegen 0.00/turn

%: infuse magic (-7 HP)
@: flying, very slightly contaminated
A: sickness immunity, fire resistance 2, cold vulnerability 1, float, innate
caster, HP casting, extra vitality 1
a: no special abilities


You were on level 3 of the Dungeon.
You visited 1 branch of the dungeon, and saw 3 of its levels.

You collected 112 gold pieces.

Inventory:

Hand Weapons
 a - a +0 long sword (weapon)
Missiles
 d - 2 throwing nets (quivered)
 e - a javelin
Armour
 b - a +0 leather armour (worn)
 c - a +0 helmet (worn)
 j - a +0 cloak (worn)
Potions
 f - a potion of degeneration {unknown}
 g - 3 potions of mutation {unknown}
 h - a potion of magic {unknown}
 i - a potion of flight {unknown}
 l - 2 potions of curing {unknown}


   Skills:
 + Level 2.2 Fighting
 + Level 3.7 Long Blades
 + Level 1.7 Throwing
 + Level 1.9 Armour
 + Level 3.8 Dodging
 + Level 1.1 Stealth
 * Level 2.1 Spellcasting


You knew the following spells:

 Your Spells              Type           Power      Damage    Failure   Level
f - Freeze                Ice            24%        1d4       14%         1
s - Scorch                Fire           12%        2d6       22%         2
Your spell library was empty.

Dungeon Overview and Level Annotations

Branches:
Dungeon (3/15)

Altars:

Annotations:
D:3 Grinder


Innate Abilities, Weirdness & Mutations

You are immune to sickness and miasma.
You are immune to poison.
Your flesh is very heat resistant. (rF++)
You are vulnerable to cold. (rC-)
You float through the air rather than walking.
You learn spells naturally, not from books.
Your magical power is your life essence.
You have superior vitality. (+4 MHP)


Message History

Confirm with . or Enter, or press ? or * to list all spells.
You can't see any susceptible monsters within range! (Use Z to cast anyway.)
Found a stone staircase leading up.
Casting: Scorch (safe; 22% risk of failure)
Confirm with . or Enter, or press ? or * to list all spells.
Flames lash Grinder.
Grinder is burned terribly!
Grinder is moderately wounded.
Casting: Scorch (safe; 22% risk of failure)
Confirm with . or Enter, or press ? or * to list all spells.
Flames lash Grinder.
Grinder is burned terribly!
Grinder is heavily wounded.
Grinder blinks!
You closely miss Grinder.
Grinder is heavily wounded.
Grinder barely misses you.
You hit Grinder but do no damage.
Grinder is heavily wounded.
Grinder gestures at you.
You suddenly lose the ability to move!
Grinder zaps a wand.
You resist with some effort.
The now-empty wand crumbles to dust.
Grinder hits you.
You writhe in agony.
Grinder hits you.
You writhe in agony.
You can move again.
You closely miss Grinder.
Grinder is heavily wounded.
Grinder gestures at you. Pain shoots through your body!
* * * LOW HITPOINT WARNING * * *
Grinder says, "At least Makhleb appreciates what I'm doing."
Grinder hits you.
* * * LOW HITPOINT WARNING * * *
Casting: Scorch (safe; 22% risk of failure)
Confirm with . or Enter, or press ? or * to list all spells.
You miscast Scorch.
You are very lightly contaminated with residual magic.
Nothing appears to happen.
* * * LOW HITPOINT WARNING * * *
Grinder hits you!
You die...

░░░···∙∙▒∙∙∙∙∙∙∙∙▒▒∙▒▒▒▒▒∙▒░·
░···∙∙∙∙∙∙∙∙∙∙∙▒▒∙▒▒▒▒▒∙▒░·
░░··▒∙▒∙∙∙∙∙∙∙∙▒▒∙(∙∙∙∙∙▒░·
░···∙∙∙∙∙∙∙∙∙∙∙∙∙∙∙∙∙∙∙∙··
░··▒·▒∙∙∙∙∙∙▒▒▒∙∙∙∙∙∙∙∙▒░·
░··▒∙▒∙∙∙∙∙∙▒▒▒∙∙▒∙▒▒▒∙∙··
░··∙∙∙∙∙∙∙∙))∙∙∙∙∙∙▒ ░·▒░·
░░·░∙∙▒∙∙5∙∙▒▒▒∙∙▒∙▒ ░·░░·
░·░∙·▒∙∙R∙∙▒░▒∙∙▒∙▒░░·░░·
░·░··▒∙∙∙∙∙∙∙∙∙∙∙∙∙······
░░░░░░░░·░··▒▒∙∙∙∙▒▒▒∙∙▒∙▒▒░····
░···········∙∙∙∙∙∙∙∙·····∙∙·····
░░░·░░░░·░·∙∙∙∙∙∙∙∙∙∙·░░·░▒░░░░░
░░░·░ ░·░░∙▒▒∙∙▒∙▒▒▒∙▒░·░ ░
░·░·░ ░·░▒∙░▒∙∙▒∙▒░░·▒░·░░░░░░░
░·░·░ ░·░▒·░▒∙∙∙<∙·············
░·░·░░░░·░░·····················


You could see Grinder (combustible).

Vanquished Creatures
  Sigmund (D:2)
  An adder (D:2)
  A worm (D:2)
  A dart slug (D:1)
  4 orcs (D:3)
  7 ball pythons
  2 endoplasms (D:1)
  2 giant cockroaches
  5 hobgoblins
  A quokka (D:2)
  2 bats (D:2)
  3 frilled lizards
  2 goblins
  4 kobolds
  3 rats
39 creatures vanquished.

Notes
Turn   | Place    | Note
-------+----------+-------------------------------------------
     0 | D:1      | Zeor the Djinni Gladiator began the quest for the Orb.
     0 | D:1      | Reached XP level 1. HP: 18/18 MP: 0/0
   207 | D:1      | Reached XP level 2. HP: 21/23 MP: 0/0
   634 | D:1      | Reached XP level 3. HP: 25/28 MP: 0/0
   634 | D:1      | Learned a level 1 spell: Freeze
  1079 | D:2      | Noticed Sigmund
  1620 | D:2      | Reached skill level 1 in Spellcasting
  1620 | D:2      | Reached XP level 4. HP: 33/33 MP: 0/0
  1766 | D:2      | Killed Sigmund
  1767 | D:2      | Reached skill level 1 in Armour
  1767 | D:2      | Reached skill level 1 in Stealth
  1767 | D:2      | Reached XP level 5. HP: 38/38 MP: 0/0
  1767 | D:2      | Learned a level 2 spell: Scorch
  1767 | D:2      | Reached XP level 6. HP: 43/43 MP: 0/0
  1940 | D:3      | Noticed Grinder
  1953 | D:3      | Paralysed by Grinder for 4 turns
  1958 | D:3      | Mangled by Grinder

Illustrated notes

Levels and vault maps discovered:
D:1:      lightli_arrival_flooded_house, layout_loops_ring
D:2:      layout_basic, uniq_sigmund
D:3:      minmay_goblin_kobold_castle, layout_basic, kennysheep_generic_room_5,
          uniq_crazy_yiuf_cottage, uniq_grinder

Skill      XL: |  1  2  3  4 |
---------------+-------------+-----
Long Blades    | 3 |  3.7
Spellcasting   | 1 2 |  2.1
Armour         | 1 |  1.9
Stealth        | 1 |  1.1
Fighting       | |  2.2
Throwing       | |  1.7
Dodging        | |  3.8

Action                     |  1- 3 |  4- 6 || total
---------------------------+-------+-------++-------
  Melee: Long sword        |    75 |    13 ||    88
  Throw: Javelin           |     1 |       ||     1
         Throwing net      |       |     2 ||     2
   Cast: Freeze            |     8 |     1 ||     9
         Scorch            |       |     5 ||     5
    Use: Scroll            |     2 |     1 ||     3
   Stab: Held in net/web   |       |     1 ||     1
 Armour: Leather armour    |    17 |     1 ||    18
  Dodge: Dodged            |    56 |    10 ||    66
